 Dungeon Crawl Stone Soup version 0.24.0-37-gcf1ca852f1 (webtiles) character file.

Game seed: 4778078722532281241, levelgen mode: deterministic

1863 FishyPogo the Insei (level 9, -5/66 HPs)
             Began as a Gnoll Transmuter on Dec 6, 2019.
             Was an Elder of Elyvilon.
             Slain by an orc warrior
             ... wielding a cursed +0 arbalest
              (14 damage)
             ... in a bailey.
             The game lasted 00:21:53 (5143 turns).

FishyPogo the Insei (Gnoll Transmuter)              Turns: 5143, Time: 00:21:53

Health: -5/66      AC:  9    Str: 14    XL:     9   Next: 13%
Magic:  18/18      EV: 15    Int: 20    God:    Elyvilon [****..]
Gold:   243        SH:  0    Dex: 17    Spells: 9/20 levels left

rFire    . . .     SeeInvis .   t - +1 halberd of Doffoqas {chop, Int+4} (curse)
rCold    . . .     Gourm    .   (shield currently unavailable)
rNeg     . . .     Faith    .   C - +0 leather armour (curse)
rPois    .         Spirit   .   (no helmet)
rElec    .         Reflect  .   K - +0 cloak
rCorr    .         Harm     .   p - +0 pair of gloves
MR       .....                  (no boots)
Stlth    +.........             (no amulet)
HPRegen  0.21/turn              l - ring of wizardry
MPRegen  0.16/turn              J - +4 ring of protection

@: confused
A: distributed training, fangs 1, strong nose
a: Lesser Healing, Heal Other, Purification, Greater Healing, Divine Protection,
Renounce Religion


You were in a bailey.
You worshipped Elyvilon.
Elyvilon was greatly pleased with you.
You were hungry.

You visited 1 branch of the dungeon, and saw 7 of its levels.
You also visited: Bailey.

You collected 243 gold pieces.

Inventory:

Hand Weapons
 q - the +2 halberd "Myewogur" {chop, Int+3}
   (You found it on level 7 of the Dungeon)

   It inflicts extra damage upon your enemies.
   It affects your intelligence (+3).
 t - the cursed +1 halberd of Doffoqas (weapon) {chop, Int+4}
   (You found it on level 7 of the Dungeon)

   It inflicts extra damage upon your enemies.
   It affects your intelligence (+4).
   It has a curse placed upon it.
Missiles
 a - 169 arrows
 f - 206 stones (quivered)
 m - 7 boomerangs
 y - 9 poisoned darts
Armour
 p - a +0 pair of gloves (worn)
 B - a +5 scale mail of fire resistance
 C - a cursed +0 leather armour (worn)
 K - a +0 cloak (worn)
Jewellery
 l - a ring of wizardry (left hand)
 J - a +4 ring of protection (right hand)
Wands
 z - a wand of polymorph (23)
 F - a wand of iceblast (9)
 G - a wand of paralysis (4)
Scrolls
 b - a scroll of fear
 e - 3 scrolls of amnesia {unknown}
 g - 4 scrolls of identify
 h - 6 scrolls of teleportation
 w - a scroll of remove curse
 A - a scroll of enchant weapon
 I - a scroll of random uselessness {unknown}
Potions
 c - 4 potions of brilliance
 i - 4 potions of heal wounds
 j - a potion of curing {unknown}
 k - a potion of might {unknown}
 n - 2 potions of haste {unknown}
 o - a potion of mutation
 r - a potion of invisibility {unknown}
 s - 3 potions of magic {unknown}
 u - a potion of degeneration
 v - a potion of agility {unknown}
 x - a potion of flight {unknown}
 D - 2 potions of resistance {unknown}
Comestibles
 d - 7 rations
 H - 6 chunks of flesh


   Skills:
 + Level 4.7 Fighting
 + Level 3.8 Short Blades
 + Level 3.8 Long Blades
 + Level 3.8 Axes
 + Level 3.8 Maces & Flails
 + Level 3.8 Polearms
 + Level 3.8 Staves
 + Level 3.8 Slings
 + Level 3.8 Bows
 + Level 3.8 Crossbows
 + Level 3.8 Throwing
 + Level 3.8 Armour
 + Level 6.0 Dodging
 + Level 3.8 Stealth
 + Level 3.8 Shields
 + Level 7.7 Unarmed Combat
 + Level 6.4 Spellcasting
 + Level 3.1 Conjurations
 + Level 3.1 Hexes
 + Level 3.1 Charms
 + Level 3.1 Summonings
 + Level 3.1 Necromancy
 + Level 3.1 Translocations
 + Level 5.0 Transmutations
 + Level 3.1 Fire Magic
 + Level 3.1 Ice Magic
 + Level 3.1 Air Magic
 + Level 3.1 Earth Magic
 + Level 3.1 Poison Magic
 + Level 4.2 Invocations
 + Level 3.8 Evocations


You had 9 spell levels left.
You knew the following spells:

 Your Spells              Type           Power        Failure   Level  Hunger
i - Ice Form              Ice/Tmut       ###.....     9%          4    ####...
k - Tukima's Dance        Hex            ###.....     4%          3    ##.....
u - Spider Form           Tmut/Pois      ###.......   2%          3    ##.....
y - Beastly Appendage     Tmut           ####..       1%          1    None

Your spell library contained the following spells:

 Spells                   Type           Power        Failure   Level  Hunger
 Corona                   Hex            ###....      1%          1    None
 Ensorcelled Hibernation  Hex/Ice        ###...       1%          2    None
 Sticks to Snakes         Tmut           ####....     1%          2    None
 Confuse                  Hex            ###.....     4%          3    ##.....
 Dazzling Spray           Conj/Hex       ###...       4%          3    ##.....
 Blade Hands              Tmut           ####......   17%         5    #####..


Dungeon Overview and Level Annotations

Branches:
Dungeon (7/15)             Temple (0/1) D:7          Bailey (1/1)

Altars:
Elyvilon
Hepliaklqana
Nemelex Xobeh
Ru

Shops:
D:4 *}   D:5 *

Annotations:
D:7 Pikel


Innate Abilities, Weirdness & Mutations

Your experience applies equally to all skills.
You have very sharp teeth.
Your uncanny sense of smell can sniff out nearby items.


Message History

The orc warrior hits you with a cursed +0 arbalest!
You barely miss the orc warrior.
The orc warrior hits you from afar with a +3 halberd.
* * * LOW HITPOINT WARNING * * *
The orc warrior hits you with a cursed +0 arbalest.
* * * LOW HITPOINT WARNING * * *
The orc warrior misses you. x2
You are confused.
You feel invigorated.
The orc warrior hits you with a +3 halberd!
* * * LOW HITPOINT WARNING * * *
You hit the orc warrior but do no damage.
You bite the orc warrior.
The orc warrior is lightly wounded.
The orc warrior misses you.
The orc warrior hits you with a +3 halberd!
* * * LOW HITPOINT WARNING * * *
The orc warrior misses you.
The orc warrior hits you with a cursed +0 arbalest!
You die...

### ###
##.## ##∩##
#?..# #.∩.#
#?..# #...#
#...#
≈.≈≈.......≈
#.@.+
ooo≈.......≈
#oo.#
≈o≈≈o......≈
#[..#
≈≈≈..#...#..
#%..#
....##...##.
##)## ####
##∩## # ###
###


You could see 2 orc warriors.

Vanquished Creatures
  Sigmund (D:3)
  Eustachio (D:4)
  An orc warrior (Bailey)
  An ice beast (D:5)
  An ogre (D:5)
  3 centaurs
  A bullfrog (D:6)
  2 scorpions
  A howler monkey (D:5)
  2 bullfrog zombies
  A centaur skeleton (D:6)
  A hound (D:5)
  5 orc priests
  5 orc wizards
  2 jellies
  2 iguanas
  Ijyb (D:4)
  A worker ant (D:6)
  A hound skeleton (D:4)
  3 gnolls (D:6)
  12 adders
  A shadow imp (D:6)
  An adder skeleton (D:5)
  3 worms
  2 dart slugs
  5 leopard geckos
  19 orcs
  3 ball pythons
  8 goblins
  4 hobgoblins
  10 jackals
  4 kobolds
  2 quokkas
  8 bats
  6 frilled lizards
  A jackal skeleton (D:4)
  9 rats
134 creatures vanquished.

Notes
Turn   | Place    | Note
-------+----------+-------------------------------------------
     0 | D:1      | FishyPogo the Gnoll Transmuter began the quest for the Orb.
     0 | D:1      | Reached XP level 1. HP: 17/17 MP: 6/6
   221 | D:1      | Reached XP level 2. HP: 23/23 MP: 7/7
   911 | D:2      | Reached XP level 3. HP: 28/28 MP: 6/9
   916 | D:2      | Learned a level 3 spell: Spider Form
   967 | D:2      | Reached skill level 5 in Spellcasting
  1047 | D:2      | Reached skill level 1 in Invocations
  1436 | D:2      | Reached skill level 1 in Short Blades
  1436 | D:2      | Reached skill level 1 in Long Blades
  1436 | D:2      | Reached skill level 1 in Axes
  1436 | D:2      | Reached skill level 1 in Maces & Flails
  1436 | D:2      | Reached skill level 1 in Polearms
  1436 | D:2      | Reached skill level 1 in Staves
  1436 | D:2      | Reached skill level 1 in Slings
  1436 | D:2      | Reached skill level 1 in Bows
  1436 | D:2      | Reached skill level 1 in Crossbows
  1436 | D:2      | Reached skill level 1 in Throwing
  1436 | D:2      | Reached skill level 1 in Armour
  1436 | D:2      | Reached skill level 1 in Stealth
  1436 | D:2      | Reached skill level 1 in Shields
  1436 | D:2      | Reached skill level 1 in Evocations
  1455 | D:2      | Reached XP level 4. HP: 26/34 MP: 9/11
  1474 | D:2      | Learned a level 4 spell: Ice Form
  1549 | D:2      | Found a faded altar of an unknown god.
  1556 | D:2      | Became a worshipper of Elyvilon the Healer
  1556 | D:2      | Reached * piety under Elyvilon
  1832 | D:2      | Found a sacrificial altar of Ru.
  1914 | D:3      | Reached skill level 1 in Conjurations
  1914 | D:3      | Reached skill level 1 in Hexes
  1914 | D:3      | Reached skill level 1 in Charms
  1914 | D:3      | Reached skill level 1 in Summonings
  1914 | D:3      | Reached skill level 1 in Necromancy
  1914 | D:3      | Reached skill level 1 in Translocations
  1914 | D:3      | Reached skill level 1 in Fire Magic
  1914 | D:3      | Reached skill level 1 in Ice Magic
  1914 | D:3      | Reached skill level 1 in Air Magic
  1914 | D:3      | Reached skill level 1 in Earth Magic
  1914 | D:3      | Reached skill level 1 in Poison Magic
  1926 | D:3      | Reached XP level 5. HP: 34/40 MP: 8/12
  2058 | D:3      | Reached ** piety under Elyvilon
  2143 | D:3      | Noticed Sigmund
  2154 | D:3      | Killed Sigmund
  2154 | D:3      | Reached skill level 5 in Dodging
  2154 | D:3      | Reached XP level 6. HP: 47/47 MP: 11/14
  2527 | D:3      | Reached XP level 7. HP: 47/52 MP: 11/15
  2637 | D:4      | Found Fubbukel's Gadget Emporium.
  2686 | D:4      | Noticed Ijyb
  2704 | D:4      | Noticed Eustachio
  2720 | D:4      | Killed Eustachio
  2720 | D:4      | Reached skill level 7 in Unarmed Combat
  2738 | D:4      | Killed Ijyb
  2797 | D:4      | Found a sparkling altar of Nemelex Xobeh.
  2801 | D:4      | Reached *** piety under Elyvilon
  3041 | D:4      | Found Tirhokk's Assorted Antiques.
  3460 | D:5      | Entered Level 5 of the Dungeon
  3528 | D:5      | Reached XP level 8. HP: 47/60 MP: 12/16
  3758 | D:5      | Found Byifoede's Lightly-Used Armoury.
  4492 | D:6      | Found a hazy altar of Hepliaklqana.
  4535 | D:6      | Reached **** piety under Elyvilon
  4605 | D:6      | Learned a level 3 spell: Tukima's Dance
  4928 | D:6      | Reached XP level 9. HP: 47/66 MP: 15/18
  5102 | D:7      | Found a flagged portal.
  5115 | D:7      | Reached skill level 5 in Transmutations
  5118 | D:7      | Noticed Pikel
  5119 | D:7      | Got a bone halberd
  5121 | D:7      | Got a smoking halberd
  5124 | Bailey   | Entered a bailey
  5124 | Bailey   | Noticed an orc knight
  5127 | Bailey   | Noticed an orc knight
  5133 | Bailey   | Identified the +2 halberd "Myewogur" {chop, Int+3} (You
                  | found it on level 7 of the Dungeon)
  5134 | Bailey   | Identified the cursed +1 halberd of Doffoqas {chop, Int+4}
                  | (You found it on level 7 of the Dungeon)
  5141 | Bailey   | HP: 2/66 [orc warrior/+3 halberd (11)]
  5143 | Bailey   | Slain by an orc warrior

Levels and vault maps discovered:
D:1:      nicolae_arrival_memento_mori, layout_loops_corners
D:2:      layout_loops_ring, lemuel_coloured_pillars_altar,
          chequers_ecumenical_altar_simple
D:3:      layout_basic, first_ration, minivault_26, uniq_sigmund
D:4:      layout_gridville, nemelex_xobeh_ov_fountains_minmay, serial_shops,
          shop_statue, shop, uniq_ijyb, uniq_eustachio
D:5:      layout_loops_cross, minmay_shop_damaged, st_stairs_3
D:6:      layout_loops_ring, lemuel_round_altar
D:7:      layout_layer_cave, kiku_gazebo_pond_becter, minmay_temple_entry_tees,
          enter_bailey_2, grunt_livestock, skrybe_limestone_x,
          minmay_strange_pillars, minmay_misc_feat_hallway,
          nicolae_qazlal_style_of_elements, uniq_duvessa, uniq_pikel
Bailey:   bailey_polearm_4, bailey

Skill      XL: |  1  2  3  4  5  6  7  8  9 |
---------------+----------------------------+-----
Spellcasting   | 5 6 |  6.4
Invocations    | 1 2 3 4 |  4.2
Short Blades   | 1 2 3 |  3.8
Long Blades    | 1 2 3 |  3.8
Axes           | 1 2 3 |  3.8
Maces & Flails | 1 2 3 |  3.8
Polearms       | 1 2 3 |  3.8
Staves         | 1 2 3 |  3.8
Slings         | 1 2 3 |  3.8
Bows           | 1 2 3 |  3.8
Crossbows      | 1 2 3 |  3.8
Throwing       | 1 2 3 |  3.8
Armour         | 1 2 3 |  3.8
Stealth        | 1 2 3 |  3.8
Shields        | 1 2 3 |  3.8
Evocations     | 1 2 3 |  3.8
Conjurations   | 1 2 3 |  3.1
Hexes          | 1 2 3 |  3.1
Charms         | 1 2 3 |  3.1
Summonings     | 1 2 3 |  3.1
Necromancy     | 1 2 3 |  3.1
Translocations | 1 2 3 |  3.1
Fire Magic     | 1 2 3 |  3.1
Ice Magic      | 1 2 3 |  3.1
Air Magic      | 1 2 3 |  3.1
Earth Magic    | 1 2 3 |  3.1
Poison Magic   | 1 2 3 |  3.1
Fighting       | 3 4 |  4.7
Dodging        | 5 6 |  6.0
Transmutations | 4 5 |  5.0
Unarmed Combat | 7 |  7.7

Action                   |  1- 3 |  4- 6 |  7- 9 || total
-------------------------+-------+-------+-------++-------
Melee: Unarmed           |    72 |    73 |   198 ||   343
       Kick              |     5 |     6 |     2 ||    13
       Bite              |     4 |     2 |     5 ||    11
       Punch             |     2 |     1 |     1 ||     4
       Headbutt          |     1 |     1 |     1 ||     3
       Spear             |       |       |    31 ||    31
       Halberd           |       |       |     4 ||     4
Throw: Stone             |     4 |     1 |       ||     5
 Cast: Beastly Appendage |    18 |     7 |     5 ||    30
       Spider Form       |     6 |     9 |    28 ||    43
Invok: Lesser Healing    |       |       |     2 ||     2
 Abil: End Transformatio |       |       |     3 ||     3
  Use: Scroll            |       |       |    12 ||    12
       Potion            |       |       |     3 ||     3
 Stab: Sleeping          |     3 |     1 |     4 ||     8
       Distracted        |       |       |     1 ||     1
  Eat: Chunk             |     2 |     4 |    10 ||    16
Armor: Robe              |     8 |     5 |     5 ||    18
       Skin              |       |     1 |     8 ||     9
Dodge: Dodged            |    40 |    68 |   224 ||   332
